TOP OF THE 1ST |
Athletic Club KC Academy batting - Pitching for Asheville Highlanders : RHP Ipe Talboom
|
Pitching: RHP Ipe Talboom
|
|
Batting: SHB António Montés
|
0-0: Ball 1-0: Swinging Strike 1-1: Foul Ball, location: 2F 1-2: Foul Ball, location: 2F 1-2: Ball 2-2: Strikes out swinging
|
Batting: LHB Manuel Domínguez
|
0-0: Ball 1-0: Called Strike 1-1: Fly out, F6 (Popup, 56)
|
Batting: SHB Fernando Luna
|
0-0: Swinging Strike 0-1: Ground out U3 (Groundball, 3S)
|
Top of the 1st over - 0 run(s), 0 hit(s), 0 error(s), 0 left on base; Athletic Club KC Academy 0 - Asheville 0 |
BOTTOM OF THE 1ST |
Asheville Highlanders batting - Pitching for Athletic Club KC Academy : LHP Fernando Durán
|
Pitching: LHP Fernando Durán
|
|
Batting: RHB Jan Gosselin
|
0-0: Foul Ball, location: 2F 0-1: Fly out, F8 (Line Drive, 8LM)
|
Batting: LHB Víctor Robledo
|
0-0: Called Strike 0-1: Ball 1-1: Fly out, F9 (Popup, 89S)
|
Batting: RHB Bryce Bancroft
|
0-0: Ball 1-0: Foul Ball, location: 2F 1-1: SINGLE (Groundball, 15S) (infield hit)
|
Batting: RHB Marcos Calderón
|
0-0: Called Strike 0-1: Ball 1-1: Foul Ball, location: 2F 1-2: Ground out U3 (Groundball, 3S)
|
Bottom of the 1st over - 0 run(s), 1 hit(s), 0 error(s), 1 left on base; Athletic Club KC Academy 0 - Asheville 0 |
TOP OF THE 2ND |
Athletic Club KC Academy batting - Pitching for Asheville Highlanders : RHP Ipe Talboom
|
Batting: RHB Allen Williams
|
0-0: Ball 1-0: Called Strike 1-1: Ball 2-1: SINGLE (Groundball, 6D)
|
Batting: RHB Geoff Rivers
|
0-0: Foul Ball, location: 2F 0-1: Ball 1-1: Called Strike 1-2: Ball 2-2: Foul Ball, location: 2F 2-2: Ball 3-2: Foul Ball, location: 2F 3-2: Base on Balls Allen Williams to second
|
Batting: RHB José Flores
|
0-0: Called Strike 0-1: Ball 1-1: Called Strike 1-2: Fly out, F8 (Flyball, 8RM)
|
Batting: RHB Marty Jennings
|
0-0: Ball 1-0: Called Strike 1-1: SINGLE (Groundball, 6MD) Allen Williams to third Geoff Rivers to second
|
Batting: RHB Chris Teague
|
0-0: Grounds into double play, 6-4-3 (Groundball, 6)
|
Top of the 2nd over - 0 run(s), 2 hit(s), 0 error(s), 2 left on base; Athletic Club KC Academy 0 - Asheville 0 |
BOTTOM OF THE 2ND |
Asheville Highlanders batting - Pitching for Athletic Club KC Academy : LHP Fernando Durán
|
Batting: RHB Armando González
|
0-0: Foul Ball, location: 2F 0-1: Called Strike 0-2: SINGLE (Groundball, 6MD)
|
Batting: SHB Gonzalo Valentín
|
0-0: Called Strike 0-1: Called Strike 0-2: Ball 1-2: Ball 2-2: Ball 3-2: Grounds into double play, 6-4-3 (Groundball, 56)
|
Batting: RHB Chris Oudekirk
|
0-0: Fly out, F9 (Flyball, 9S)
|
Bottom of the 2nd over - 0 run(s), 1 hit(s), 0 error(s), 0 left on base; Athletic Club KC Academy 0 - Asheville 0 |
TOP OF THE 3RD |
Athletic Club KC Academy batting - Pitching for Asheville Highlanders : RHP Ipe Talboom
|
Batting: RHB Iván Chacón
|
0-0: Called Strike 0-1: Swinging Strike 0-2: Ball 1-2: Strikes out looking
|
Batting: SHB António Montés
|
0-0: Swinging Strike 0-1: Ball 1-1: Swinging Strike 1-2: Ball 2-2: Fly out, F8 (Flyball, 8LD)
|
Batting: LHB Manuel Domínguez
|
0-0: Ball 1-0: Ball 2-0: Foul Ball, location: 2F 2-1: Ball 3-1: Foul Ball, location: 2F 3-2: Base on Balls
|
Batting: SHB Fernando Luna
|
0-0: Called Strike 0-1: Ball 1-1: Ball 2-1: Foul Ball, location: 2F 2-2: Hit by Pitch Manuel Domínguez to second
|
Batting: RHB Allen Williams
|
0-0: Ball 1-0: Fly out, F8 (Flyball, 8LD)
|
Top of the 3rd over - 0 run(s), 0 hit(s), 0 error(s), 2 left on base; Athletic Club KC Academy 0 - Asheville 0 |
BOTTOM OF THE 3RD |
Asheville Highlanders batting - Pitching for Athletic Club KC Academy : LHP Fernando Durán
|
Batting: RHB Víctor López
|
0-0: SINGLE (Groundball, 4M)
|
Batting: RHB José Rivera
|
0-0: Ball 1-0: Ball 2-0: Called Strike 2-1: Foul Ball, location: 2F 2-2: Foul Ball, location: 2F 2-2: Foul Ball, location: 2F 2-2: Ball 3-2: SINGLE (Line Drive, 56) Víctor López to second
|
Batting: RHB Jan Gosselin
|
0-0: Grounds into double play, 4-6-3 (Groundball, 4) Víctor López to third
|
Batting: LHB Víctor Robledo
|
0-0: Called Strike 0-1: Ball 1-1: Fly out, F8 (Flyball, 78M)
|
Bottom of the 3rd over - 0 run(s), 2 hit(s), 0 error(s), 1 left on base; Athletic Club KC Academy 0 - Asheville 0 |
TOP OF THE 4TH |
Athletic Club KC Academy batting - Pitching for Asheville Highlanders : RHP Ipe Talboom
|
Batting: RHB Geoff Rivers
|
0-0: Ball 1-0: Ball 2-0: Ball 3-0: Called Strike 3-1: Base on Balls
|
Batting: RHB José Flores
|
0-0: Called Strike Geoff Rivers is caught stealing 2nd base 0-1: Foul Ball, location: 2F 0-2: Ball 1-2: Strikes out swinging
|
Batting: RHB Marty Jennings
|
0-0: Called Strike 0-1: Ball 1-1: Called Strike 1-2: SINGLE (Line Drive, 34)
|
Batting: RHB Chris Teague
|
0-0: Ball Marty Jennings is caught stealing 2nd base
|
Top of the 4th over - 0 run(s), 1 hit(s), 0 error(s), 0 left on base; Athletic Club KC Academy 0 - Asheville 0 |
BOTTOM OF THE 4TH |
Asheville Highlanders batting - Pitching for Athletic Club KC Academy : LHP Fernando Durán
|
Batting: RHB Bryce Bancroft
|
0-0: Ball 1-0: Ball 2-0: Fly out, F3 (Popup, 3S)
|
Batting: RHB Marcos Calderón
|
0-0: Ground out 5-3 (Groundball, 6S)
|
Batting: RHB Armando González
|
0-0: Called Strike 0-1: SINGLE (Line Drive, 6D)
|
Batting: SHB Gonzalo Valentín
|
0-0: Ball 1-0: Ball 2-0: Called Strike 2-1: Ground out 5-3 (Groundball, 56)
|
Bottom of the 4th over - 0 run(s), 1 hit(s), 0 error(s), 1 left on base; Athletic Club KC Academy 0 - Asheville 0 |
TOP OF THE 5TH |
Athletic Club KC Academy batting - Pitching for Asheville Highlanders : RHP Ipe Talboom
|
Batting: RHB Chris Teague
|
0-0: SINGLE (Groundball, 56D)
|
Batting: RHB Iván Chacón
|
0-0: Bunt - Flyout! F1
|
Batting: SHB António Montés
|
0-0: Ball 1-0: Foul Ball, location: 2F 1-1: Ball 2-1: Ball 3-1: Fielders Choice at 2nd, 4-6 (Groundball, 34)
|
Batting: LHB Manuel Domínguez
|
0-0: Ball 1-0: Ball António Montés is caught stealing 2nd base
|
Top of the 5th over - 0 run(s), 1 hit(s), 0 error(s), 0 left on base; Athletic Club KC Academy 0 - Asheville 0 |
BOTTOM OF THE 5TH |
Asheville Highlanders batting - Pitching for Athletic Club KC Academy : LHP Fernando Durán
|
Batting: RHB Chris Oudekirk
|
0-0: Ball 1-0: Ground out 1-3 (Groundball, 15S)
|
Batting: RHB Víctor López
|
0-0: DOUBLE (Flyball, 89D)
|
Batting: RHB José Rivera
|
0-0: Called Strike 0-1: Called Strike 0-2: SINGLE (Groundball, 56S) Víctor López to third Runner from 3rd tries for Home, SAFE, no throw or cutoff
|
Batting: RHB Jan Gosselin
|
0-0: Called Strike 0-1: Ball 1-1: Swinging Strike 1-2: SINGLE (Groundball, 6) José Rivera to second
|
Batting: LHB Víctor Robledo
|
0-0: Called Strike 0-1: Ball 1-1: Foul Ball, location: 2F 1-2: Fielders Choice at 2nd, 6-4 (Groundball, 56) José Rivera to third
|
Batting: RHB Bryce Bancroft
|
0-0: Ball 1-0: Ball 2-0: Fly out, F7 (Line Drive, 78M)
|
Bottom of the 5th over - 1 run(s), 3 hit(s), 0 error(s), 2 left on base; Athletic Club KC Academy 0 - Asheville 1 |
TOP OF THE 6TH |
Athletic Club KC Academy batting - Pitching for Asheville Highlanders : RHP Ipe Talboom
|
Batting: LHB Manuel Domínguez
|
0-0: Ball 1-0: Called Strike 1-1: Ball 2-1: Ground out 3-1 (Groundball, 34)
|
Batting: SHB Fernando Luna
|
0-0: Ball 1-0: Foul Ball, location: 2F 1-1: Swinging Strike 1-2: Ball 2-2: Ball 3-2: Strikes out looking
|
Batting: RHB Allen Williams
|
0-0: Foul Ball, location: 2F 0-1: Swinging Strike 0-2: Ball 1-2: SINGLE (Flyball, 8LS)
|
Batting: RHB Geoff Rivers
|
0-0: Ball 1-0: SINGLE (Line Drive, 4MD) Allen Williams to second
|
Batting: RHB José Flores
|
0-0: Fly out, F9 (Flyball, 89M)
|
Top of the 6th over - 0 run(s), 2 hit(s), 0 error(s), 2 left on base; Athletic Club KC Academy 0 - Asheville 1 |
BOTTOM OF THE 6TH |
Asheville Highlanders batting - Pitching for Athletic Club KC Academy : LHP Fernando Durán
|
Batting: RHB Marcos Calderón
|
0-0: Fly out, F4 (Line Drive, 4)
|
Batting: RHB Armando González
|
0-0: Foul Ball, location: 2F Single, Error in OF, E7, batter to second base
|
Batting: SHB Gonzalo Valentín
|
0-0: Ball 1-0: Ball 2-0: Swinging Strike 2-1: Swinging Strike 2-2: Ball 3-2: Strikes out swinging
|
Batting: RHB Chris Oudekirk
|
0-0: Called Strike 0-1: Foul Ball, location: 2F 0-2: Ball 1-2: Ground out 6-3 (Groundball, 6)
|
Bottom of the 6th over - 0 run(s), 1 hit(s), 1 error(s), 1 left on base; Athletic Club KC Academy 0 - Asheville 1 |
TOP OF THE 7TH |
Athletic Club KC Academy batting - Pitching for Asheville Highlanders : RHP Ipe Talboom
|
Batting: RHB Marty Jennings
|
0-0: Ball 1-0: Swinging Strike 1-1: Ball 2-1: Foul Ball, location: 2F 2-2: Foul Ball, location: 2F 2-2: SINGLE (Groundball, 25) (infield hit)
|
Batting: RHB Chris Teague
|
0-0: Sac Bunt - play at first, batter OUT! 1-4 Marty Jennings to second
|
Pinch Hitting: SHB Eric Moore
|
0-0: Ball 1-0: Ball 2-0: Ball 3-0: Called Strike 3-1: Foul Ball, location: 2F 3-2: Foul Ball, location: 2F 3-2: Strikes out looking
|
Pitching: RHP Gus Gamble
|
|
Batting: SHB António Montés
|
0-0: Fly out, F7 (Popup, 78S)
|
Top of the 7th over - 0 run(s), 1 hit(s), 0 error(s), 1 left on base; Athletic Club KC Academy 0 - Asheville 1 |
BOTTOM OF THE 7TH |
Asheville Highlanders batting - Pitching for Athletic Club KC Academy : LHP Fernando Durán
|
Now at 3B: Domingo Gutiérrez
|
|
Batting: RHB Víctor López
|
0-0: Ground out 5-3 (Groundball, 56)
|
Batting: RHB José Rivera
|
0-0: Foul Ball, location: 2F 0-1: Swinging Strike 0-2: Ball 1-2: Foul Ball, location: 2F 1-2: Reached on Error, E5 (Line Drive, 5)
|
Pinch Hitting: RHB Claudio Torres
|
0-0: Foul Ball, location: 2F 0-1: Called Strike 0-2: Ball 1-2: SINGLE (Groundball, 4MD) José Rivera to second
|
Pitching: RHP Roland Allen
|
|
Batting: LHB Víctor Robledo
|
0-0: Ball 1-0: Called Strike 1-1: Ball 2-1: SINGLE (Line Drive, 4M) José Rivera to third Claudio Torres to second
|
Pinch Hitting: LHB Juan Montés
|
0-0: Called Strike 0-1: Ground out 3-1 (Groundball, 34) José Rivera scores Claudio Torres to third Víctor Robledo to second
|
Pinch Hitting: RHB Juan Jose Ayala
|
0-0: Ball 1-0: Ball 2-0: Foul Ball, location: 2F 2-1: Fly out, F8 (Flyball, 8RM)
|
Bottom of the 7th over - 1 run(s), 2 hit(s), 1 error(s), 2 left on base; Athletic Club KC Academy 0 - Asheville 2 |
TOP OF THE 8TH |
Athletic Club KC Academy batting - Pitching for Asheville Highlanders : RHP Gus Gamble
|
Now at 1B: Claudio Torres
|
|
Now at 3B: Juan Jose Ayala
|
|
Now in RF: Juan Montés
|
|
Batting: LHB Manuel Domínguez
|
0-0: Swinging Strike 0-1: Ball 1-1: Swinging Strike 1-2: Ball 2-2: Foul Ball, location: 2F 2-2: Ball 3-2: Base on Balls
|
Pitching: RHP Justin Reynolds
|
|
Batting: SHB Fernando Luna
|
0-0: Called Strike 0-1: Called Strike 0-2: Foul Ball, location: 2F 0-2: Ball 1-2: Foul Ball, location: 2F 1-2: SINGLE (Line Drive, 8LS) Manuel Domínguez to second
|
Batting: RHB Allen Williams
|
0-0: Foul Ball, location: 2F 0-1: Foul Ball, location: 2F 0-2: Strikes out looking
|
Batting: RHB Geoff Rivers
|
0-0: Ball 1-0: Swinging Strike 1-1: Foul Ball, location: 2F 1-2: Ball 2-2: Ball 3-2: Base on Balls Manuel Domínguez to third Fernando Luna to second
|
Pinch Hitting: RHB Maurice Quinn
|
0-0: Ball 1-0: Ball 2-0: Swinging Strike 2-1: SINGLE (Line Drive, 56D) Manuel Domínguez scores Fernando Luna to third Geoff Rivers to second
|
Batting: RHB Marty Jennings
|
0-0: Called Strike 0-1: Called Strike 0-2: Reaches on Catchers interference Fernando Luna scores Geoff Rivers to third Maurice Quinn to second
|
Pinch Hitting: RHB Frank Church
|
0-0: Called Strike 0-1: Called Strike 0-2: Ball 1-2: Ball 2-2: Foul Ball, location: 2F 2-2: Ball 3-2: Strikes out swinging
|
Batting: LHB Domingo Gutiérrez
|
0-0: Foul Ball, location: 2F 0-1: SINGLE (Line Drive, 34) Geoff Rivers scores Maurice Quinn to third Marty Jennings to second Runner from 3rd tries for Home, SAFE, no throw or cutoff
|
Pitching: RHP Octávio Ayaly
|
|
Batting: SHB António Montés
|
0-0: Fielders Choice at 2nd, U6 (Groundball, 6M)
|
Top of the 8th over - 4 run(s), 3 hit(s), 1 error(s), 2 left on base; Athletic Club KC Academy 4 - Asheville 2 |
BOTTOM OF THE 8TH |
Asheville Highlanders batting - Pitching for Athletic Club KC Academy : RHP Roland Allen
|
Now at 1B: Maurice Quinn
|
|
Now at 2B: Ted Stephens
|
|
Batting: RHB Armando González
|
0-0: Ball 1-0: Ball 2-0: Fly out, F8 (Line Drive, 78M)
|
Batting: SHB Gonzalo Valentín
|
0-0: Ball 1-0: Called Strike 1-1: Called Strike 1-2: Ball 2-2: Foul Ball, location: 2F 2-2: Reached on error, E6 (Groundball, 6M)
|
Pitching: RHP Juan Herrera
|
|
Batting: RHB Chris Oudekirk
|
0-0: Called Strike 0-1: Ball 1-1: Foul Ball, location: 2F 1-2: Foul Ball, location: 2F 1-2: Strikes out swinging
|
Batting: RHB Víctor López
|
0-0: Ball 1-0: Foul Ball, location: 2F 1-1: Ball 2-1: Foul Ball, location: 2F 2-2: Ground out 5-3 (Groundball, 56)
|
Bottom of the 8th over - 0 run(s), 0 hit(s), 1 error(s), 1 left on base; Athletic Club KC Academy 4 - Asheville 2 |
TOP OF THE 9TH |
Athletic Club KC Academy batting - Pitching for Asheville Highlanders : RHP Octávio Ayaly
|
Pitching: LHP Jim Unknown
|
|
Batting: LHB Manuel Domínguez
|
0-0: Ball 1-0: Ball 2-0: Called Strike 2-1: SINGLE (Groundball, 34)
|
Batting: SHB Fernando Luna
|
0-0: Ball 1-0: Foul Ball, location: 2F 1-1: Called Strike 1-2: Strikes out swinging
|
Batting: RHB Allen Williams
|
0-0: Called Strike 0-1: Ball 1-1: Ball 2-1: Foul Ball, location: 2F 2-2: Strikes out swinging
|
Batting: RHB Geoff Rivers
|
0-0: Ball 1-0: Ball Manuel Domínguez is caught stealing 2nd base
|
Top of the 9th over - 0 run(s), 1 hit(s), 0 error(s), 0 left on base; Athletic Club KC Academy 4 - Asheville 2 |
BOTTOM OF THE 9TH |
Asheville Highlanders batting - Pitching for Athletic Club KC Academy : RHP Juan Herrera
|
Pitching: RHP José Guardado
|
|
Batting: RHB José Rivera
|
0-0: Ball 1-0: Ball 2-0: Ball 3-0: Called Strike 3-1: SINGLE (Groundball, 4M)
|
Batting: RHB Claudio Torres
|
0-0: Ball 1-0: Ball 2-0: Foul Ball, location: 2F 2-1: Grounds into double play, 6-4-3 (Groundball, 6)
|
Batting: LHB Víctor Robledo
|
0-0: Called Strike 0-1: Ball 1-1: SINGLE (Groundball, 34D)
|
Batting: LHB Juan Montés
|
0-0: Ball 1-0: Ball 2-0: Ball 3-0: Base on Balls Víctor Robledo to second
|
Batting: RHB Juan Jose Ayala
|
0-0: Ball 1-0: Ball 2-0: Called Strike 2-1: SINGLE (Flyball, 7S) Víctor Robledo to third Juan Montés to second Runner from 3rd tries for Home, SAFE, no throw or cutoff
|
Batting: RHB Armando González
|
0-0: SINGLE (Line Drive, 7S) Juan Montés to third Juan Jose Ayala to second Runner from 3rd tries for Home, SAFE, throw made at trailing runner, SAFE at third!
|
Pinch Hitting: RHB Paco Vásquez
|
0-0: Hit by Pitch Armando González to second
|
Pinch Hitting: SHB John Pemperton
|
0-0: Called Strike 0-1: Ball 1-1: Foul Ball, location: 2F 1-2: Foul Ball, location: 2F 1-2: Ball 2-2: Foul Ball, location: 2F 2-2: Ball 3-2: Fly out, F8 (Flyball, 8LXD)
|
Bottom of the 9th over - 2 run(s), 4 hit(s), 0 error(s), 3 left on base; Athletic Club KC Academy 4 - Asheville 4 |
TOP OF THE 10TH |
Athletic Club KC Academy batting - Pitching for Asheville Highlanders : LHP Jim Unknown
|
Now at C: John Pemperton
|
|
Now at 3B: Paco Vásquez
|
|
Batting: RHB Geoff Rivers
|
0-0: Called Strike 0-1: Swinging Strike 0-2: Ball 1-2: Strikes out looking
|
Batting: RHB Maurice Quinn
|
0-0: Foul Ball, location: 2F 0-1: Swinging Strike 0-2: Strikes out looking
|
Batting: RHB Marty Jennings
|
0-0: Ball 1-0: Called Strike 1-1: Swinging Strike 1-2: Strikes out swinging
|
Top of the 10th over - 0 run(s), 0 hit(s), 0 error(s), 0 left on base; Athletic Club KC Academy 4 - Asheville 4 |
BOTTOM OF THE 10TH |
Asheville Highlanders batting - Pitching for Athletic Club KC Academy : RHP José Guardado
|
Batting: RHB Víctor López
|
0-0: Called Strike 0-1: Swinging Strike 0-2: Ball 1-2: Ball 2-2: Strikes out swinging
|
Batting: RHB José Rivera
|
0-0: Ball 1-0: Swinging Strike 1-1: Foul Ball, location: 2F 1-2: Ball 2-2: Ball 3-2: Strikes out swinging
|
Batting: RHB Claudio Torres
|
0-0: Ball 1-0: Called Strike 1-1: Ball 2-1: Called Strike 2-2: Strikes out swinging
|
Bottom of the 10th over - 0 run(s), 0 hit(s), 0 error(s), 0 left on base; Athletic Club KC Academy 4 - Asheville 4 |
TOP OF THE 11TH |
Athletic Club KC Academy batting - Pitching for Asheville Highlanders : LHP Jim Unknown
|
Pitching: LHP Joaquín Ramírez
|
|
Pinch Hitting: RHB Felipe Pabalate
|
0-0: Ball 1-0: Foul Ball, location: 2F 1-1: Ball 2-1: Ball 3-1: Foul Ball, location: 2F 3-2: Base on Balls
|
Batting: LHB Domingo Gutiérrez
|
0-0: Bunted foul 0-1: Sac Bunt - play at second, runner OUT! 5-6
|
Batting: SHB António Montés
|
0-0: Called Strike Domingo Gutiérrez is caught stealing 2nd base 0-1: Fly out, F7 (Line Drive, 7M)
|
Top of the 11th over - 0 run(s), 0 hit(s), 0 error(s), 0 left on base; Athletic Club KC Academy 4 - Asheville 4 |
BOTTOM OF THE 11TH |
Asheville Highlanders batting - Pitching for Athletic Club KC Academy : RHP José Guardado
|
Pitching: LHP Alonso Muñíz
|
|
Now at 2B: Felipe Pabalate
|
|
Pinch Hitting: RHB Edén Mont
|
0-0: Swinging Strike 0-1: Ball 1-1: Foul Ball, location: 2F 1-2: SINGLE (Line Drive, 4D)
|
Pinch Hitting: RHB Bill Manning
|
0-0: Ball 1-0: Foul Ball, location: 2F 1-1: Ball 2-1: Swinging Strike 2-2: Foul Ball, location: 2F 2-2: SINGLE (Flyball, 8LS) Edén Mont to second
|
Batting: RHB Juan Jose Ayala
|
0-0: Ball 1-0: Reached on error, E4 (Groundball, 34) Edén Mont to third Bill Manning to second
|
Batting: RHB Armando González
|
0-0: Foul Ball, location: 2F 0-1: Fly out, F5 (Popup, 15)
|
Batting: RHB Paco Vásquez
|
0-0: Ball 1-0: Ball 2-0: Ball 3-0: Base on Balls Edén Mont scores Bill Manning to third Juan Jose Ayala to second
|
|